 Dungeon Crawl Stone Soup version 0.24.0-1-gfbc8707122 (webtiles) character file.

Game seed: 14289852626840109495, levelgen mode: deterministic

3374 Arixos the Gusty (level 10, -6/65 HPs)
             Began as an Octopode Air Elementalist on Oct 28, 2019.
             Was a Believer of Dithmenos.
             Mangled by a wyvern zombie (11 damage)
             ... on level 8 of the Dungeon.
             The game lasted 00:57:33 (10211 turns).

Arixos the Gusty (Octopode Air Elementalist)       Turns: 10211, Time: 00:57:34

Health: -6/65      AC:  3    Str:  8    XL:     10   Next: 3%
Magic:  4/19       EV: 15    Int: 21    God:    Dithmenos [**....]
Gold:   394        SH:  0    Dex: 12    Spells: 6/21 levels left

rFire    . . .     SeeInvis .   z - +1 trident (protect)
rCold    . . .     Gourm    .   (no shield)
rNeg     . . .     Faith    .   x - +2 hat
rPois    .         Spirit   .   (no amulet)
rElec    .         Reflect  .   (no ring)
rCorr    .         Harm     .   (no ring)
MR       .....                  (no ring)
Stlth    ++++......             (no ring)
HPRegen  0.20/turn              (no ring)
MPRegen  0.16/turn              (no ring)
                                (no ring)
                                (no ring)

@: very slightly contaminated, hasted, wreathed by umbra, very quick
A: almost no armour, stealthy swim, amphibious, 8 rings, constrict 8, camouflage
1, gelatinous body 1
a: Shadow Step, Renounce Religion


You were on level 8 of the Dungeon.
You worshipped Dithmenos.
Dithmenos was pleased with you.
You were very hungry.

You visited 2 branches of the dungeon, and saw 9 of its levels.
You also visited: Sewer.

You collected 394 gold pieces.

Inventory:

Hand Weapons
 z - a +1 trident of protection (weapon)
Missiles
 d - 80 poisoned darts (quivered)
 i - 3 datura-tipped darts
 p - 8 atropa-tipped darts
Armour
 x - a +2 hat (worn)
 A - a +0 buckler
Wands
 t - a wand of flame (23)
 y - a wand of random effects (30)
Scrolls
 a - 13 scrolls of identify
 c - 2 scrolls of remove curse
 h - 3 scrolls of immolation
 n - 3 scrolls of magic mapping
 o - 4 scrolls of teleportation
 q - 2 scrolls of amnesia
 s - a scroll of blinking
 u - 2 scrolls of fear {unknown}
Potions
 e - a potion of might {unknown}
 f - a potion of mutation {unknown}
 g - 2 potions of brilliance {unknown}
 j - 3 potions of curing
 k - a potion of cancellation {unknown}
 m - 3 potions of flight
 r - 3 potions of ambrosia
 v - 2 potions of agility {unknown}
Comestibles
 b - 12 rations
 w - 2 chunks of flesh


   Skills:
 + Level 4.4 Fighting
 + Level 5.1 Dodging
 - Level 2.6 Stealth
 * Level 0.8 Shields
 + Level 6.3 Spellcasting
 + Level 6.6 Conjurations
 + Level 2.1 Charms
 + Level 2.1 Necromancy
 * Level 7.5 Air Magic


You had 6 spell levels left.
You knew the following spells:

 Your Spells              Type           Power        Failure   Level  Hunger
a - Shock                 Conj/Air       ####         1%          1    None
r - Regeneration          Chrm/Necr      ###.......   12%         3    #......
s - Swiftness             Chrm/Air       ####....     1%          2    None
A - Lightning Bolt        Conj/Air       #####.....   14%         5    #####..
S - Airstrike             Air            #####.....   4%          4    ###....

Your spell library contained the following spells:

 Spells                   Type           Power        Failure   Level  Hunger
 Static Discharge         Conj/Air       #####...     1%          3    #......
 Infusion                 Chrm           ###.         4%          1    None
 Song of Slaying          Chrm           ###.....     6%          2    None
 Shroud of Golubria       Chrm/Tloc      ##....       10%         2    None
 Spectral Weapon          Hex/Chrm       ##......     19%         3    #......


Dungeon Overview and Level Annotations

Branches:
Dungeon (8/15)             Temple (1/1) D:5            Lair (0/6) D:8
  Sewer (visited)

Altars:
Ashenzari
Cheibriados
Dithmenos
Elyvilon
Fedhas
Gozag
Hepliaklqana
Kikubaaqudgha
Makhleb
Okawaru
Ru
Trog
Uskayaw
Wu Jian
Xom
Yredelemnul
Zin
The Shining One

Shops:
D:4 (

Annotations:
D:2 Sigmund
D:5 Grinder
D:6 Edmund, Menkaure, Prince Ribbit


Innate Abilities, Weirdness & Mutations

You cannot wear most types of armour.
You are very stealthy in the water. (Stealth+)
You are amphibious.
You can wear up to eight rings at the same time.
You can use your tentacles to constrict eight enemies at once.
Your skin changes colour to match your surroundings (Stealth+).
Your rubbery body absorbs attacks. (AC +1, EV +1)


Message History

Aiming: Shock (safe; 1% risk of failure)
Press: ? - help, Shift-Dir - straight line, f - wyvern zombie
Aim: a wyvern zombie (grey smoke, moderately damaged, umbra)
The zap misses the hippogriff.
The zap hits the wyvern zombie.
The wyvern zombie is moderately damaged.
The hippogriff bites you!
* * * LOW HITPOINT WARNING * * *
The hippogriff pecks you but does no damage.
The hippogriff claws you.
* * * LOW HITPOINT WARNING * * *
Okay, then.
An electric eel comes into view.
The howler monkey hoots and howls with incredible vigour!
The electric eel shoots out a bolt of lightning at you!
The bolt of electricity hits you!
* * * LOW HITPOINT WARNING * * *
An electric eel comes into view.
You hear a shout!
You hear an angry growl.
The wyvern zombie bites you!
You die...

####≈h...§......≈≈≈≈≈≈≈≈≈≈≈≈≈.PP.
...#≈≈..Z§.§.....≈≈≈≈≈≈≈≈≈≈≈≈....
...#≈.....o8§§....≈≈≈≈≈≈≈≈≈≈≈PPPP
..$#≈...##.h§##....≈≈≈≈≈≈≈≈≈≈....
...#≈...##.§§##>....≈≈≈≈≈≈≈≈≈P..P
.###≈......§...H....≈≈≈≈≈≈≈≈≈....
.#.....8.§§_...8....≈≈≈≈≈≈≈≈≈;.P.
#..;....§....÷Z.....≈≈≈≈≈≈≈≈....
#..≈...##§..##.@....≈≈≈≈≈≈≈≈PP.P
#..≈≈..##...##......≈≈≈≈≈≈≈≈....
#..≈≈.....8..........≈≈≈≈≈≈≈.PPP
###≈.................≈≈≈≈≈≈≈....
#≈...............≈≈≈≈≈≈≈≈.P.PP
#≈≈......≈≈≈≈≈≈≈≈≈≈≈≈≈≈≈≈.....
..≈;;≈≈≈≈≈≈≈≈≈≈≈≈≈..P ..
≈≈≈≈≈≈≈≈≈≈≈≈≈≈≈≈...P♣ ♣♣
≈≈≈≈≈≈≈≈≈≈≈≈≈≈≈≈.PP♣ ♣


You could see a hippogriff, a howler monkey, 2 electric eels, an orc and a
wyvern zombie.

Vanquished Creatures
  A wyvern (D:8)
  A yak (D:8)
  2 hogs (D:8)
  A hungry ghost (D:7)
  2 black bears (D:8)
  An ice beast (D:7)
  3 ogres
  2 centaurs
  10 bullfrogs
  Blork the orc (D:6)
  2 gnoll sergeants (D:8)
  3 scorpions
  5 wights (D:7)
  2 howler monkeys
  2 hounds (D:4)
  A bullfrog zombie (D:8)
  A gnoll shaman (D:8)
  2 bullfrog skeletons
  A centaur skeleton (D:7)
  An iguana (D:4)
  3 jellies
  2 orc wizards (D:7)
  4 worker ants
  A hound zombie (D:5)
  A hound skeleton (D:5)
  A howler monkey zombie (D:7)
  A worker ant zombie (D:5)
  9 adders
  3 gnolls (D:3)
  2 river rats (D:4)
  A shadow imp (D:5)
  An ooze (D:2)
  2 adder zombies
  An adder skeleton (D:6)
  8 worms
  A dart slug (D:3)
  3 leopard geckos
  7 orcs
  2 ball pythons
  4 giant cockroaches
  7 goblins
  10 hobgoblins
  4 jackals (D:8)
  8 kobolds
  2 quokkas
  11 bats
  4 frilled lizards
  A leopard gecko zombie (D:6)
  A quokka skeleton (D:6)
  A quokka zombie (D:5)
  11 rats
161 creatures vanquished.

Notes
Turn   | Place    | Note
-------+----------+-------------------------------------------
     0 | D:1      | Arixos the Octopode Air Elementalist began the quest for
                  | the Orb.
     0 | D:1      | Reached XP level 1. HP: 11/11 MP: 3/3
   239 | D:1      | Reached XP level 2. HP: 17/17 MP: 1/5
   749 | D:1      | Reached XP level 3. HP: 22/22 MP: 3/6
  1820 | D:2      | Noticed Sigmund
  2178 | D:3      | Reached XP level 4. HP: 27/27 MP: 0/7
  2255 | D:3      | Found a shadowy altar of Dithmenos.
  2255 | D:3      | Found a glowing golden altar of the Shining One.
  2256 | D:3      | Found a sacrificial altar of Ru.
  2279 | D:3      | Became a worshipper of Dithmenos the Shadowed
  2392 | D:3      | Reached skill level 1 in Fighting
  2527 | D:3      | Reached XP level 5. HP: 33/33 MP: 4/9
  2576 | D:3      | Learned a level 5 spell: Lightning Bolt
  3012 | D:2      | Reached * piety under Dithmenos
  3367 | D:4      | Noticed an ogre
  3512 | D:4      | Killed an ogre
  3512 | D:4      | Reached skill level 4 in Air Magic
  3512 | D:4      | Reached XP level 6. HP: 16/38 MP: 8/10
  3699 | D:4      | Found Wixen's Antique Weapon Shop.
  3885 | D:4      | Found a glowing drain.
  3889 | Sewer    | Entered a sewer
  4920 | D:5      | Entered Level 5 of the Dungeon
  4948 | D:5      | Reached XP level 7. HP: 44/44 MP: 6/12
  5090 | D:5      | Found a staircase to the Ecumenical Temple.
  5138 | Temple   | Entered the Ecumenical Temple
  5546 | D:5      | Noticed a hippogriff
  5676 | D:5      | Noticed Grinder
  5816 | D:6      | Noticed Blork the orc
  6385 | D:6      | Learned a level 2 spell: Swiftness
  6390 | D:6      | Learned a level 4 spell: Airstrike
  6390 | D:6      | Noticed Prince Ribbit
  6514 | D:6      | Killed Blork the orc
  6514 | D:6      | Reached skill level 5 in Air Magic
  6760 | D:6      | Found a shattered altar of Ashenzari.
  6783 | D:7      | Reached XP level 8. HP: 37/51 MP: 8/14
  7069 | D:7      | Reached ** piety under Dithmenos
  7480 | D:7      | Reached skill level 5 in Conjurations
  7550 | D:7      | Reached skill level 5 in Spellcasting
  7636 | D:7      | Reached skill level 6 in Air Magic
  7688 | D:7      | Found a glowing golden altar of the Shining One.
  7958 | D:7      | Reached XP level 9. HP: 57/57 MP: 12/17
  8512 | D:6      | Learned a level 3 spell: Regeneration
  8523 | D:6      | Found an iron altar of Okawaru.
  8603 | D:6      | Noticed Edmund
  8610 | D:6      | Found an opulent altar of Gozag.
  8857 | D:6      | Noticed Menkaure
  9229 | D:8      | Reached skill level 1 in Charms
  9229 | D:8      | Reached skill level 1 in Necromancy
  9347 | D:8      | Reached skill level 7 in Air Magic
  9974 | D:8      | Reached skill level 5 in Dodging
 10133 | D:8      | Found a shadowy altar of Dithmenos.
 10135 | D:8      | Found a staircase to the Lair.
 10177 | D:8      | Reached XP level 10. HP: 65/65 MP: 12/19
 10211 | D:8      | Mangled by a wyvern zombie

Levels and vault maps discovered:
D:1:      kilobyte_arrival_exit_the_forest, layout_basic
D:2:      layout_loops_cross, uniq_sigmund
D:3:      layout_rooms, gammafunk_temple_overflow_claw, first_ration
D:4:      layout_basic, serial_shops, nicolae_shop_behind_doors,
          gup_sewer_entry_spiral
D:5:      minmay_spotlight, layout_loops_cross,
          minmay_temple_entry_antechambers, minmay_manual_maat, uniq_grinder
D:6:      layout_basic, lemuel_crystal_altar, nicolae_overflow_quartered_altars,
          cheibrodos_ashenzari_chains, uniq_prince_ribbit1, uniq_edmund,
          uniq_menkaure, uniq_blork_the_orc
D:7:      layout_rooms, tso_altar
D:8:      kennysheep_town, serial_shops
Temple:   nicolae_temple_figure_eight

Skill      XL: |  1  2  3  4  5  6  7  8  9 |
---------------+----------------------------+-----
Conjurations   | 2 3 4 5 6 |  6.6
Fighting       | 1 2 3 4 |  4.4
Spellcasting   | 3 4 5 6 |  6.3
Air Magic      | 4 5 6 7 |  7.5
Dodging        | 3 4 5 |  5.1
Charms         | 2 |  2.1
Necromancy     | 2 |  2.1
Stealth        | |  2.6
Shields        | |  0.8

Action                   |  1- 3 |  4- 6 |  7- 9 | 10-12 || total
-------------------------+-------+-------+-------+-------++-------
Melee: Unarmed           |     9 |       |       |       ||     9
       Constrict         |     4 |     2 |     5 |       ||    11
       Tentacles         |     2 |     2 |     3 |       ||     7
       Whip              |     3 |    10 |    20 |       ||    33
       Halberd           |       |       |     6 |       ||     6
Throw: Dart              |     1 |     5 |     6 |       ||    12
 Cast: Shock             |    85 |   117 |   327 |     3 ||   532
       Lightning Bolt    |       |       |     2 |     2 ||     4
       Regeneration      |       |       |     2 |       ||     2
       Swiftness         |       |       |     2 |       ||     2
       Airstrike         |       |       |     1 |       ||     1
  Use: Potion            |     1 |       |     9 |     1 ||    11
       Scroll            |       |     5 |     6 |       ||    11
  Eat: Chunk             |     4 |     7 |    16 |       ||    27
       Ration            |       |       |     2 |       ||     2
Armor: Skin              |     1 |     1 |     8 |     2 ||    12
Dodge: Dodged            |    23 |    27 |   160 |     5 ||   215
